 Dungeon Crawl Stone Soup version 0.29.1-2-gbd0b4ee654 (webtiles) character file.

Game seed: 12774818262970967523

802 Bloodgem the Trooper (level 7, -4/64 HPs)
             Began as a Minotaur Fighter on Nov 13, 2022.
             Slain by Duvessa
             ... wielding a +0 short sword
              (5 damage)
             ... on level 5 of the Dungeon.
             The game lasted 00:07:45 (4406 turns).

Bloodgem the Trooper (Minotaur Fighter)             Turns: 4406, Time: 00:07:46

Health: -4/64      AC: 13    Str: 22    XL:     7   Next: 59%
Magic:  6/6        EV:  7    Int:  5    God:
Gold:   301        SH:  5    Dex: 10    Spells: 6/6 levels left

rFire   . . .      SeeInvis .   a - +0 war axe
rCold   . . .      Faith    .   c - +0 buckler
rNeg    . . .      Spirit   .   p - +0 plate armour
rPois   .          Reflect  .   (helmet restricted)
rElec   .          Harm     .   (no cloak)
rCorr   .          Rampage  .   (no gloves)
Will    .....                   b - +0 pair of boots
Stlth   ..........              (no amulet)
HPRegen 0.20/turn               (no ring)
MPRegen 0.10/turn               (no ring)

@: no status effects
A: horns 2, retaliatory headbutt
a: no special abilities


You were on level 5 of the Dungeon.
You visited 1 branch of the dungeon, and saw 5 of its levels.

You collected 301 gold pieces.

Inventory:

Hand Weapons
 a - a +0 war axe (weapon)
 y - a +2 mace of protection
Missiles
 r - 2 throwing nets (quivered)
Armour
 b - a +0 pair of boots (worn)
 c - a +0 buckler (worn)
 p - a +0 plate armour (worn)
Jewellery
 u - a ring of willpower
Wands
 v - a wand of iceblast (12)
Scrolls
 e - a scroll of fear
 i - a scroll of amnesia {unknown}
 j - 2 scrolls of fog
 k - 2 scrolls of teleportation
 o - a scroll of acquirement {unknown}
 q - a scroll of torment
 s - 2 scrolls of enchant armour
 w - a scroll of summoning {unknown}
 z - a scroll of vulnerability
 A - a scroll of poison
 C - a scroll of immolation {unknown}
Potions
 d - 2 potions of might
 f - 2 potions of haste
 g - a potion of mutation {unknown}
 l - a potion of brilliance {unknown}
 m - 2 potions of cancellation {unknown}
 n - a potion of magic {unknown}
 t - a potion of lignification {unknown}
 x - a potion of ambrosia {unknown}
 B - a potion of curing {unknown}
 D - a potion of attraction {unknown}


   Skills:
 * Level 6.6 Fighting
 * Level 5.9 Axes
 + Level 5.2 Armour
 + Level 3.1 Dodging
 + Level 5.3 Shields


You had 6 spell levels left.
You didn't know any spells.
Your spell library contained the following spells:

 Spells                   Type           Power      Damage    Failure   Level
 Static Discharge         Conj/Air       0%         3-3/arc   100%        2
 Summon Guardian Golem    Hex/Summ       0%         N/A       100%        3
 Lightning Bolt           Conj/Air       0%         1d11      100%        5
 Orb of Destruction       Conj           0%         9d5       100%        7
 Spellforged Servitor     Conj/Summ      0%         N/A       100%        7
 Maxwell's Capacitive Co  Air            0%         ∞         100%        8


Dungeon Overview and Level Annotations

Branches:
Dungeon (5/15)
 Temple: D:4-7

Altars:
Kikubaaqudgha

Annotations:
D:5 Duvessa


Innate Abilities, Weirdness & Mutations

You have a pair of horns on your head.
You reflexively headbutt those who attack you in melee.


Message History

Duvessa says, "My weaknesses are his strengths!"
Duvessa hits you but does no damage. You block Dowan's attack.
Duvessa hits you but does no damage.
You slash Dowan!
You kill Dowan!
Duvessa screams in rage.
Duvessa goes berserk!
You hit Duvessa but do no damage. Duvessa hits you but does no damage.
Duvessa hits you with a +0 short sword.
You slash Duvessa!
Duvessa is lightly wounded.
Duvessa hits you with a +0 short sword!
You slash Duvessa!
Duvessa is moderately wounded.
Duvessa hits you with a +0 short sword. Duvessa hits you with a +0 short sword!
You hit Duvessa but do no damage. You headbutt Duvessa.
Duvessa is moderately wounded.
Duvessa hits you but does no damage. Duvessa hits you with a +0 short sword!
* * * LOW HITPOINT WARNING * * *
You closely miss Duvessa. You headbutt Duvessa.
Duvessa is heavily wounded.
You hear the slow hiss of a very distant avalanche of sand.
Duvessa hits you with a +0 short sword.
* * * LOW HITPOINT WARNING * * *
Duvessa hits you but does no damage.
You slash Duvessa!
Duvessa is severely wounded.
You block Duvessa's attack. Duvessa hits you with a +0 short sword.
* * * LOW HITPOINT WARNING * * *
You hit Duvessa but do no damage.
Duvessa is severely wounded.
Duvessa hits you with a +0 short sword!
* * * LOW HITPOINT WARNING * * *
You block Duvessa's attack.
Unknown command.
You hit Duvessa but do no damage. You headbutt Duvessa, but do no damage.
Duvessa is severely wounded.
Duvessa hits you with a +0 short sword.
* * * LOW HITPOINT WARNING * * *
Duvessa hits you with a +0 short sword.
You die...

#### ########..# ##
....##...# ..#
.........# ...# ## #...
...##... .### ##.###
.....
...#####..#.####)†# ##
....#.........##@##...##
..##...#..#.#....e......
......###.###.........##
.....## .(.############
.....#.#....#
.......#....#
.....#....#.#
..........#.#
............#


You could see Duvessa (berserk, fast).

Vanquished Creatures
  Eustachio (D:4)
  A scorpion (D:4)
  Dowan (D:5)
  3 orc priests
  3 iguanas
  Natasha (twice) (D:2)
  3 orc wizards (D:4)
  Robin (D:2)
  8 gnolls (D:2)
  6 adders
  A worm (D:3)
  2 dart slugs
  14 orcs
  5 ball pythons
  9 endoplasms
  3 giant cockroaches
  15 goblins
  11 hobgoblins
  2 jackals (D:2)
  5 quokkas
  7 bats
  2 frilled lizards
  5 kobolds
  4 rats
114 creatures vanquished.

Notes
Turn   | Place    | Note
-------+----------+-------------------------------------------
     0 | D:1      | Bloodgem the Minotaur Fighter began the quest for the Orb.
     0 | D:1      | Reached XP level 1. HP: 19/19 MP: 0/0
   189 | D:1      | Reached XP level 2. HP: 27/27 MP: 1/1
   255 | D:1      | Found a faded altar of an unknown god.
   444 | D:1      | Reached skill level 4 in Fighting
   668 | D:2      | Reached XP level 3. HP: 18/33 MP: 2/2
   872 | D:2      | Noticed Robin
   879 | D:2      | Reached skill level 1 in Dodging
   881 | D:2      | Killed Robin
   982 | D:2      | Noticed Natasha
   985 | D:2      | Killed Natasha
   986 | D:2      | Reached XP level 4. HP: 41/41 MP: 3/3
  1066 | D:2      | Noticed Natasha
  1074 | D:2      | Killed Natasha
  1219 | D:2      | Reached XP level 5. HP: 24/47 MP: 4/4
  1697 | D:2      | Reached skill level 5 in Fighting
  2230 | D:3      | Reached XP level 6. HP: 40/56 MP: 5/5
  3270 | D:4      | Reached skill level 5 in Axes
  3561 | D:3      | Reached skill level 6 in Fighting
  3629 | D:4      | Reached XP level 7. HP: 62/63 MP: 6/6
  3646 | D:4      | Found an ancient bone altar of Kikubaaqudgha.
  3855 | D:4      | Reached skill level 5 in Shields
  3929 | D:4      | Reached skill level 5 in Armour
  4009 | D:4      | Noticed Eustachio
  4035 | D:4      | Killed Eustachio
  4306 | D:5      | Entered Level 5 of the Dungeon
  4390 | D:5      | Noticed Dowan
  4394 | D:5      | Noticed Duvessa
  4399 | D:5      | Killed Dowan
  4405 | D:5      | HP: 2/64 [Duvessa/+0 short sword (7)]
  4406 | D:5      | Slain by Duvessa

Illustrated notes

Levels and vault maps discovered:
D:1:      lemuel_arrival_broad_hall, layout_loops_cross,
          ebering_ecumenical_altar_box
D:2:      layout_loops_cross, uniq_robin, uniq_natasha
D:3:      layout_loops_ring, wad_floor_pattern_1, dreamdust_wishing_well,
          minmay_crystal_room
D:4:      layout_gridville, mainiacjoe_overflow_24_doors,
          grunt_decor_mini_mirrors, kennysheep_path_1, uniq_eustachio
D:5:      layout_cave_pools, nemelex_xobeh_ov_fountains_minmay,
          nicolae_ashenzari_panopticon, enter_ossuary_3, uniq_duvessa,
          uniq_crazy_yiuf_cottage

Skill      XL: |  1  2  3  4  5  6  7 |
---------------+----------------------+-----
Axes           | 3 4 5 |  5.9
Fighting       | 4 5 6 |  6.6
Shields        | 4 5 |  5.3
Dodging        | 1 2 3 |  3.1
Armour         | 4 5 |  5.2

Action                   |  1- 3 |  4- 6 |  7- 9 || total
-------------------------+-------+-------+-------++-------
Melee: War axe           |    69 |   164 |    42 ||   275
       Headbutt          |     7 |    23 |     8 ||    38
  Use: Scroll            |       |       |     7 ||     7
       Potion            |       |       |     1 ||     1
Armor: Scale mail        |    30 |     1 |       ||    31
       Plate armour      |       |   113 |    22 ||   135
Dodge: Dodged            |    30 |    55 |    10 ||    95
Block: Buckler           |    20 |    46 |    12 ||    78
